Map: At Eternity's Edge LE

Players

GhostRobo - Winner!

  • Race: Terran Terran
  • League: Silver
  • Spawn Location: 5:00

A.I. 1 (Elite)

  • Race: Protoss Protoss
  • Spawn Location: 11:00

VOD

Have the link to the VOD?

Description

Time

  • Played on: July 5, 2026, 1:22 p.m.
  • Length: 17:08
Show
View Real Time Build Order
Export as new Build Order

GhostRobo Terran - Winner!

Build Orders: Reaper Expand 

Get SALT Encoding   

  8  0:00  SCV  
  9  0:12  SCV  
  10  0:24  SCV  
  11  0:29  Supply Depot  
  11  0:41  SCV  
  12  0:52  Barracks  
  12  0:59  Refinery  
  12  1:03  SCV  
  13  1:19  SCV  
  14  1:31  SCV  
  15  1:43  Orbital Command  
  15  1:45  Reaper  
  16  2:15  Command Center  
  16  2:18  SCV  
  17  2:25  Marine  
  18  2:30  SCV  
  19  2:37  Supply Depot  
  19  2:42  SCV  
  20  2:54  SCV  
  21  3:13  Barracks Reactor  
  21  3:18  Factory, SCV  
  22  3:25  Refinery  
  22  3:28  Orbital Command  
  22  3:30  SCV  
  23  3:35  Supply Depot  
  23  3:42  SCV  
  24  3:54  SCV  
  25  3:57  SCV  
  26  4:05  Supply Depot  
  26  4:06  Factory Tech Lab  
  26  4:07  SCV, Starport  
  28  4:10  SCV  
  28  4:19  SCV  
  28  4:22  SCV, Barracks  
  28  4:23  Barracks  
  30  4:31  SCV  
  31  4:34  SCV  
  32  4:42  Command Center  
  32  4:43  Siege Tank  
  32  4:45  Marine  
  35  4:46  Marine  
  35  4:49  SCV  
  38  4:58  Supply Depot  
  38  5:03  Starport Reactor, Marine  
  39  5:11  Barracks Tech Lab  
  39  5:12  Barracks Tech Lab  
  39  5:16  Engineering Bay x2  
  39  5:19  SCV x2  
  41  5:26  Siege Tank  
  41  5:27  Marine  
  45  5:29  Marine  
  45  5:31  SCV  
  45  5:33  SCV  
  48  5:40  Refinery  
  48  5:41  Supply Depot  
  48  5:43  SCV  
  48  5:44  Marine, Medivac  
  48  5:47  Stimpack  
  52  5:50  Medivac  
  52  5:56  Orbital Command  
  54  5:59  SCV x2  
  56  6:07  Marine x2  
  58  6:11  SCV x2  
  58  6:14  Orbital Command, Medivac  
  58  6:18  Supply Depot  
  62  6:21  Siege Tank  
  62  6:23  Marine  
  62  6:24  Marine x2  
  68  6:43  Barracks  
  68  6:44  SCV x3  
  68  6:46  Barracks, Refinery  
  71  6:49  Terran Infantry Weapons Level 1, Terran Infantry Armor Level 1  
  71  6:51  Marine  
  71  6:52  Marauder  
  71  6:53  Marine x2  
  76  6:54  Widow Mine  
  76  6:56  SCV  
  79  7:08  SCV  
  79  7:09  SCV x2  
  79  7:14  Refinery  
  82  7:21  Supply Depot, Marine  
  82  7:22  Marine x2  
  85  7:23  Siege Tank  
  85  7:24  Marauder  
  90  7:40  Marauder  
  92  7:55  Siege Tank  
  80  8:10  Marauder x2  
  75  8:22  SCV x3  
  78  8:27  Siege Tank  
  78  8:31  Marauder  
  78  8:32  Marauder  
  85  8:34  SCV x2  
  85  8:35  SCV  
  85  8:37  Barracks Tech Lab  
  85  8:38  Barracks Reactor, Armory  
  88  8:46  SCV x2  
  88  8:47  SCV  
  84  8:58  Marine x2, Marauder x3, SCV  
  84  8:59  SCV x2, Siege Tank  
  97  9:10  SCV  
  97  9:11  SCV x2  
  97  9:16  Marine x2  
  102  9:19  Marine  
  103  9:27  Terran Infantry Weapons Level 2  
  103  9:28  Terran Infantry Armor Level 2  
  103  9:37  Refinery  
  103  9:38  Marine  
  103  9:39  Marine  
  103  9:40  Marine  
  103  9:41  Medivac, Marine  
  103  9:43  SCV  
  103  9:44  Marauder, Marine  
  103  9:46  SCV  
  103  9:47  Marauder  
  103  9:48  SCV  
  103  9:49  Siege Tank  
  94  9:55  SCV  
  94  9:56  Marine  
  94  9:57  Marine  
  94  9:58  SCV, Marine  
  94  9:59  Marine  
  93  10:00  SCV  
  93  10:02  Marine  
  93  10:05  Marine  
  91  10:07  SCV, Marine  
  91  10:10  SCV  
  91  10:12  SCV  
  91  10:13  Marine  
  91  10:15  Marine  
  91  10:16  Marine  
  91  10:17  Marine  
  91  10:19  SCV  
  91  10:20  Marine  
  98  10:21  Siege Tank  
  98  10:22  SCV, Marine  
  98  10:24  SCV  
  98  10:25  Marine  
  102  10:31  Marine  
  102  10:32  Command Center  
  103  10:36  Barracks x2  
  103  10:37  Barracks  
  103  10:40  Supply Depot  
  103  10:43  Supply Depot  
  103  10:44  Marine, Supply Depot  
  103  10:45  Supply Depot, Marine  
  103  10:48  Marine, Supply Depot  
  103  10:49  Marine, Marauder  
  103  11:01  Siege Tank  
  103  11:02  Marauder x2, Marine  
  111  11:04  Marine, Medivac x2  
  111  11:06  Marine  
  111  11:07  Marine  
  111  11:10  Marine  
  119  11:19  Supply Depot, Marine  
  119  11:21  Supply Depot  
  119  11:22  Marine x3  
  119  11:23  Marine  
  119  11:25  Marine  
  125  11:28  Marine  
  126  11:34  Siege Tank, Medivac x2  
  126  11:37  Marine  
  133  11:40  Marine  
  133  11:41  Marauder x2, Marine  
  133  11:42  Marine  
  133  11:46  Marauder  
  138  11:55  Marine  
  139  12:02  Marauder x2  
  139  12:04  Medivac x2  
  139  12:06  Siege Tank  
  139  12:08  Marauder  
  147  12:14  Marine x4  
  151  12:24  Marauder x2  
  151  12:29  Marauder  
  155  12:32  Marine x4  
  155  12:34  Medivac x2  
  150  12:38  Siege Tank  
  150  12:42  Planetary Fortress  
  153  12:45  Marauder x2  
  153  12:49  Marine  
  153  12:50  Marine x3  
  153  12:51  Marauder  
  163  13:04  Medivac x2  
  167  13:06  Marauder x2  
  167  13:07  Marine  
  172  13:14  Refinery  
  172  13:17  Refinery  
  172  13:33  Marine  
  172  13:34  Supply Depot, Terran Infantry Weapons Level 3, Terran Infantry Armor Level 3  
  172  13:35  Terran Vehicle Weapons Level 1, Supply Depot  
  172  13:36  Supply Depot  
  172  13:37  Marauder  
  172  13:40  Marine x2  
  172  13:41  Marine  
  172  13:44  Medivac  
  172  13:55  Marine, Siege Tank, Marauder x2  
  180  13:57  Medivac, Marine  
  180  13:58  Marine x2  
  180  13:59  Marine  
  186  14:09  Barracks Tech Lab  
  186  14:10  Barracks Tech Lab, Barracks Reactor  
  186  14:13  Marine  
  186  14:14  Medivac  
  186  14:15  Marine  
  186  14:16  Marine x3  
  194  14:17  Marauder, Marine  
  193  14:27  Medivac  
  193  14:30  Marine  
  196  14:43  Supply Depot  
  196  14:46  Supply Depot  
  196  14:57  Marine x3  
  196  14:59  Command Center  
  196  15:05  Marine, Siege Tank  
  200  15:12  Command Center  
  200  15:18  Factory  
  200  15:22  Factory  
  200  15:30  Combat Shield  
  200  15:35  Starport x2  
  200  15:59  Marine x2  
  200  16:01  Marine  
  200  16:19  Planetary Fortress  
  200  16:31  Command Center  
  200  16:32  Planetary Fortress  
  200  16:36  Refinery  
  200  17:00  Refinery  
Show
View Real Time Build Order
Export as new Build Order

A.I. 1 (Elite) Protoss 

Build Orders: Mass Adepts, Zealot Archon 

Get SALT Encoding   

  8  0:00  Probe  
  9  0:13  Probe  
  10  0:25  Probe  
  11  0:37  Probe  
  12  0:47  Pylon  
  12  0:49  Probe  
  13  1:01  Probe  
  13  1:09  Probe, Gateway  
  15  1:19  Assimilator, Probe  
  16  1:30  Pylon  
  16  1:31  Probe  
  17  1:43  Probe  
  18  1:55  Probe  
  18  2:00  Zealot, Cybernetics Core  
  21  2:03  Probe  
  22  2:11  Probe  
  22  2:13  Gateway  
  22  2:22  Probe  
  23  2:26  Pylon  
  24  2:30  Warp Gate  
  24  2:33  Zealot  
  24  2:34  Probe  
  27  2:46  Probe  
  27  2:50  Assimilator  
  28  2:58  Probe  
  29  3:00  Adept  
  29  3:01  Adept  
  33  3:15  Gateway  
  33  3:25  Gateway  
  33  3:34  Adept  
  33  3:35  Adept  
  37  3:47  Pylon  
  37  4:04  Probe  
  44  4:12  Probe  
  44  4:17  Adept  
  44  4:20  Adept  
  44  4:21  Pylon, Adept  
  44  4:39  Adept, Probe  
  44  4:45  Adept  
  49  4:47  Stalker  
  49  4:49  Adept  
  53  4:56  Pylon  
  53  5:14  Stalker x3  
  55  5:19  Zealot  
  61  5:29  Pylon  
  61  5:41  Robotics Facility  
  61  5:47  Sentry, Twilight Council  
  63  6:04  Pylon  
  63  6:25  Templar Archives  
  63  6:38  Forge, Nexus  
  63  7:03  High Templar x2  
  63  7:05  Stalker  
  69  7:10  Archon, Pylon  
  69  7:30  Forge  
  69  7:33  High Templar  
  71  7:50  Zealot x3, Probe x2  
  73  8:02  Probe  
  73  8:03  Probe  
  59  8:05  High Templar  
  59  8:08  Zealot  
  59  8:12  Assimilator, Nexus  
  63  8:14  Zealot, Probe  
  63  8:19  Probe  
  67  8:21  Archon  
  67  8:23  Probe  
  68  8:31  High Templar, Probe x2  
  71  8:36  Assimilator  
  72  8:43  Probe x2  
  74  8:53  Zealot, High Templar  
  74  8:55  Probe  
  79  8:56  Probe  
  80  9:05  Sentry  
  80  9:07  Probe  
  80  9:08  Probe  
  84  9:10  Archon  
  84  9:12  Pylon  
  84  9:17  Probe  
  84  9:18  High Templar  
  84  9:20  Probe  
  88  9:24  Probe  
  88  9:25  Probe  
  90  9:31  Assimilator  
  90  9:32  Probe  
  90  9:33  Probe  
  90  9:35  Assimilator, High Templar, Zealot  
  90  9:36  Zealot, Probe  
  99  9:42  Observer, Probe  
  99  9:44  Probe  
  88  9:48  Probe  
  88  9:51  Archon  
  73  9:54  Probe, Stalker  
  73  9:56  Probe  
  73  9:58  Zealot  
  77  10:00  High Templar, Probe  
  77  10:06  Probe  
  77  10:09  Probe  
  77  10:10  High Templar  
  77  10:11  Adept  
  77  10:13  Probe  
  81  10:17  Probe  
  81  10:20  Stalker  
  81  10:21  Probe  
  81  10:24  Probe  
  81  10:25  Probe  
  82  10:32  Probe  
  82  10:33  Probe x2, Stalker  
  82  10:35  Adept  
  88  10:40  Psionic Storm  
  88  10:41  Probe  
  88  10:42  Stalker, Sentry  
  92  10:45  Probe x2  
  89  10:52  Probe  
  89  10:55  Zealot  
  84  10:57  Probe, High Templar  
  84  11:00  Protoss Ground Weapons Level 1  
  84  11:04  Stalker  
  89  11:05  Zealot  
  91  11:12  Zealot  
  91  11:16  Protoss Ground Armor Level 1, Archon  
  93  11:23  Pylon  
  93  11:25  Pylon  
  93  11:26  High Templar  
  93  11:27  High Templar  
  93  11:30  Adept  
  93  11:31  Pylon  
  93  11:32  Stalker  
  101  11:33  Pylon  
  101  11:39  Probe x2  
  101  11:40  Probe  
  101  11:44  Gateway  
  101  11:46  Nexus  
  98  11:47  Zealot  
  98  11:49  Archon  
  98  11:51  Zealot, Probe x2  
  105  11:54  Probe, Stalker  
  107  12:02  High Templar  
  107  12:04  Zealot  
  111  12:11  Photon Cannon  
  111  12:13  Zealot  
  113  12:16  Zealot  
  113  12:18  Immortal  
  119  12:26  Stalker  
  111  12:31  Pylon  
  111  12:35  Zealot  
  111  12:36  Adept  
  85  12:37  Zealot  
  85  12:38  Zealot  
  89  12:48  High Templar  
  89  12:51  Zealot  
  89  12:54  Stalker  
  89  12:57  Adept, Immortal  
  97  13:00  Sentry  
  98  13:07  Probe  
  98  13:08  Probe, Zealot  
  98  13:10  Stalker  
  88  13:19  Zealot  
  88  13:21  Probe  
  88  13:22  Probe, Sentry  
  88  13:23  Adept  
  88  13:24  Probe  
  88  13:25  High Templar  
  88  13:26  Sentry  
  99  13:32  Nexus  
  80  13:41  High Templar  
  80  13:44  Zealot  
  80  13:45  Zealot  
  80  13:47  Nexus  
  74  13:49  Pylon  
  60  13:58  High Templar  
  60  14:00  High Templar  
  43  14:05  Pylon, Zealot  
  34  14:22  Pylon  
  33  14:24  Cybernetics Core  
  33  14:30  Pylon  
  30  14:39  High Templar  
  29  15:02  Pylon  
  28  15:22  Pylon  
  27  15:37  Gateway  
  27  15:46  Pylon  
  27  15:55  Probe  
  26  16:03  Probe  
  22  16:04  High Templar, Assimilator  
  13  16:15  Probe  
  9  16:28  Probe  
  9  16:29  Adept  
  9  16:32  Pylon  
  8  16:40  Probe  
  8  16:51  High Templar  
Tags
 
Add a new tag
Caveats
  • Supply blocks, unpowered buildings, or Contaminate may cause inaccurate times.
  • Supply counts are checked every 10 seconds.